 Dungeon Crawl Stone Soup version 0.27.0-1-g7a089689b8 (webtiles) character file.

Game seed: 1922081617800849444

14 SnakkuSnakku7 the Skirmisher (level 2, -4/16 HPs)
             Began as a Vine Stalker Berserker on Aug 11, 2021.
             Was a Follower of Trog.
             Killed from afar by a white imp (8 damage)
             ... with a puff of frost
             ... summoned by Natasha
             ... on level 2 of the Dungeon.
             The game lasted 00:01:10 (906 turns).

SnakkuSnakku7 the Skirmisher (VSBe)                  Turns: 906, Time: 00:01:11

Health: -4/16      AC:  2    Str: 19    XL:     2   Next: 45%
Magic:  0/3        EV: 12    Int:  7    God:    Trog [*.....]
Gold:   31         SH:  0    Dex: 13    Spells: 1/1 levels left

rFire    . . .     SeeInvis .   a - +0 hand axe
rCold    . . .     Faith    .   (no shield)
rNeg     . . .     Spirit   +   b - +0 animal skin
rPois    .         Reflect  .   (no helmet)
rElec    .         Harm     .   (no cloak)
rCorr    .         Rampage  .   (no gloves)
Will     .....                  (no boots)
Stlth    +.........             (no amulet)
HPRegen  0.05/turn              (no ring)
MPRegen  0.08/turn              (no ring)

@: on berserk cooldown, slowed, very slow
A: fangs 2, magic shield, antimagic bite, no potion heal 2
a: Renounce Religion, Berserk


You were on level 2 of the Dungeon.
You worshipped Trog.
Trog was aware of your devotion.
You visited 1 branch of the dungeon, and saw 2 of its levels.

You collected 31 gold pieces.

Inventory:

Hand Weapons
 a - a +0 hand axe (weapon)
Armour
 b - a +0 animal skin (worn)
Jewellery
 c - a +6 ring of intelligence
 i - a +4 ring of evasion
Scrolls
 e - a scroll of identify {unknown}
 f - a scroll of teleportation {unknown}
 g - 3 scrolls of noise {unknown}
 h - a scroll of blinking {unknown}
Potions
 d - a potion of attraction {unknown}
 j - a potion of haste {unknown}


   Skills:
 + Level 3.1 Fighting
 + Level 3.1 Axes
 - Level 1.5 Armour
 - Level 1.5 Dodging


You had one spell level left.
You didn't know any spells.
Your spell library was empty.

Dungeon Overview and Level Annotations

Branches:
Dungeon (2/15)

Altars:

Annotations:
D:2 Natasha


Innate Abilities, Weirdness & Mutations

You have extremely sharp teeth.
When hurt, damage is shared between your health and your magic reserves.
Your bite disrupts and absorbs the magic of your enemies.
Potions cannot restore your health.


Message History

You feel a strong urge to attack something.
You feel your anger nearly subside.
You are no longer berserk.
You are exhausted.
You feel yourself slow down.
Unknown command.
There is a stone staircase leading down here.
HP restored.
Found an escape hatch in the ceiling.
Found a stone staircase leading down.
There is a stone staircase leading down here.
Natasha, Servant of Life and Death comes into view.
You feel yourself speed up.
There is an escape hatch in the ceiling here.
Natasha is nearby!
Natasha is nearby!
Natasha hisses angrily.
Natasha closely misses you.
You barely miss Natasha. Your bite misses Natasha.
Natasha stares at you and mumbles some strange words.
You resist with significant effort.
You hit Natasha. Your bite misses Natasha.
Natasha is moderately wounded.
Natasha claws you!
You hit Natasha. Your bite misses Natasha.
Natasha is heavily wounded.
Natasha barely misses you.
You hit Natasha but do no damage. You bite Natasha.
Natasha's magic leaks into the air.
You drain her magic.
You feel invigorated.
Natasha is severely wounded.
Natasha mewls in sadness.
Natasha casts a spell at you.
You feel yourself slow down.
Natasha casts a spell.
You hit Natasha but do no damage.
Natasha is heavily wounded.
You closely miss the white imp. Natasha claws you!
* * * LOW HITPOINT WARNING * * *
The white imp gestures at you. The puff of frost hits you!
Ouch! That really hurt!
You die...

#.......###. #.#.###.#
#. #.#.###.###. ####
#..†........
..#####...###.###.
..........# #.##..
#.######..###.##.. #h#
#...(......
######@######.####.##..
.......5<.>.....#.......
.........#####..#..####.
.........# #..#..# #.
#.#####..# #..#..# #. #
#..# #..#..# #. #..#
#..#..# . ...#
#......... ##.#
##.#####.#


You could see Natasha and a white imp (summoned).

Vanquished Creatures
  A worm (D:2)
  3 bats (D:1)
  3 endoplasms (D:1)
  2 ball pythons (D:1)
  A frilled lizard (D:1)
  A kobold (D:1)
  A rat (D:1)
12 creatures vanquished.

Notes
Turn   | Place    | Note
-------+----------+-------------------------------------------
     0 | D:1      | SnakkuSnakku7 the Vine Stalker Berserker began the quest
                  | for the Orb.
     0 | D:1      | Reached XP level 1. HP: 11/11 MP: 2/2
    94 | D:1      | Found a faded altar of an unknown god.
   432 | D:1      | Reached XP level 2. HP: 16/16 MP: 3/3
   900 | D:2      | Noticed Natasha
   906 | D:2      | Killed from afar by a white imp

Illustrated notes

Levels and vault maps discovered:
D:1:      shiori_arrival_elements, layout_basic,
          hellmonk_ecumenical_altar_zigzags
D:2:      minmay_roachtagon, layout_loops_ring, uniq_natasha

Skill      XL: |  1 |
---------------+----+-----
Fighting       | 3 |  3.1
Axes           | 3 |  3.1
Armour         | |  1.5
Dodging        | |  1.5

Action                   || total
-------------------------++-------
Melee: Hand axe          ||    32
       Bite              ||     6
Invok: Berserk           ||     1
Armor: Animal skin       ||     9
Dodge: Dodged            ||    30
